AoeStats
← [JG]Moonjumper

Black Forest

507776795Analyzed
2v2 RM · 12d ago on Sep 19, 2026· 54m 7s· 4 players
Game mode
Random Map
Map size
Medium (4 player)
Population
200
Speed
Normal
Resources
Standard
Victory
Conquest
Starting age
Dark Age
Ending age
Imperial Age
RankedLock teamsTeams togetherTeam positionsShared explorationLock speedFull tech treeHidden civsTurbo modeCheats
Victory
Defeat
🇵🇱 Tupi · Poland
934
+13
🇺🇸 Romans · United States
920
+13
🇩🇪 Spanish · Germany
862
-13
🇩🇪 Romans · Germany
857
-13
Sheev95
12:30 Feudal Age
13:33 Loom
17:34 Castle Age
16:32 Scale Mail Armor
16:53 Man-at-Arms
20:45 Double-Bit Axe
26:41 Long Swordsman
28:00 Bow Saw
luckyluke312
0:29 Loom
12:27 Feudal Age
13:45 Wheelbarrow
18:42 Castle Age
18:27 Double-Bit Axe
18:43 Horse Collar
19:16 Gold Mining
23:11 Heavy Plow
24:44 Stone Mining
26:26 Bloodlines
26:58 Husbandry
33:00 Imperial Age
31:42 Hand Cart
31:47 Caravan
33:26 Forging
33:21 Scale Barding Armor
34:05 Conscription
33:45 Cavalier
37:14 Fortified Wall
37:36 Paladin
42:24 Iron Casting
42:11 Chain Barding Armor
44:05 Blast Furnace
44:46 Light Cavalry
47:59 Hussar
52:03 Murder Holes
54:37 Plate Barding Armor
[JG]Moonjumper
0:50 Loom
10:34 Feudal Age
11:57 Double-Bit Axe
11:52 Horse Collar
14:20 Wheelbarrow
17:57 Castle Age
18:59 Hand Cart
18:59 Bow Saw
34:12 Imperial Age
36:30 Fletching
36:40 Padded Archer Armor
37:32 Conscription
37:32 Curare
38:34 Elite Skirmisher
39:28 Bodkin Arrow
41:15 Chemistry
40:35 Ballistics
39:49 Pikeman
41:28 Bracer
41:44 Leather Archer Armor
41:30 Scale Mail Armor
42:26 Hoardings
42:33 Elite Blackwood Archer
43:48 Caravan
45:18 Ring Archer Armor
44:51 Scale Mail Armor
45:01 Forging
45:05 Halberdier
45:47 Squires
45:33 Treadmill Crane
47:34 Chain Mail Armor
49:29 Two-Man Saw
48:33 Heavy Plow
48:24 Stone Mining
48:25 Gold Mining
50:00 Capped Ram
52:10 Siege Ram
53:50 Plate Mail Armor
53:56 Iron Casting
53:20 Town Watch
adam_lomzyca
0:28 Loom
14:35 Feudal Age
16:01 Wheelbarrow
15:53 Double-Bit Axe
16:29 Horse Collar
22:28 Castle Age
22:12 Forging
21:52 Man-at-Arms
23:30 Hand Cart
24:02 Stone Mining
24:05 Gold Mining
25:13 Fletching
26:52 Pikeman
26:53 Long Swordsman
27:00 Elite Skirmisher
27:44 Scale Mail Armor
29:19 Iron Casting
29:48 Gold Shaft Mining
31:07 Chain Mail Armor
32:51 Padded Archer Armor
41:32 Imperial Age
39:01 Town Watch
39:58 Ballistas
39:57 Squires
41:37 Halberdier
43:55 Conscription
43:00 Heavy Scorpion
46:19 Blast Furnace
50:03 Caravan
52:16 Bodkin Arrow
52:38 Leather Archer Armor
51:50 Legionary
55:04 Comitatenses
Connection lost

Rejoining the realm…

Still unreachable

The connection could not be restored.

Session expired

The server has moved on; the page needs a fresh start.